 Dungeon Crawl Stone Soup version 0.30-a0-34-gbe8da3892a (webtiles) character file.

Game seed: 15138276602013529774

13 nicknak712 the Trooper (level 2, -2/24 HPs)
             Began as a Demonspawn Berserker on Aug 27, 2022.
             Was a Follower of Trog.
             Slain by Terence
             ... wielding a +3 morningstar of protection
              (12 damage)
             ... on level 2 of the Dungeon.
             The game lasted 00:04:08 (756 turns).

nicknak712 the Trooper (Demonspawn Berserker)        Turns: 756, Time: 00:04:09

Health: -2/24      AC:  6    Str: 17    XL:     2   Next: 24%
Magic:  2/2        EV: 11    Int:  8    God:    Trog [*.....]
Gold:   94         SH:  4    Dex: 12    Spells: 1/1 levels left

rFire   . . .      SeeInvis .    a - +0 falchion
rCold   . . .      Faith    .    (no shield)
rNeg    . . .      Spirit   .    c - +0 leather armour
rPois   .          Reflect  .    f - +2 hat
rElec   .          Harm     .    (no cloak)
rCorr   .          Rampage  .    (no gloves)
Will    .....                    e - +0 pair of boots
Stlth   +.........               (no amulet)
HPRegen 0.08/turn                (no ring)
MPRegen 0.08/turn                (no ring)

@: no status effects
A: condensation shield
a: Renounce Religion, Berserk


You were on level 2 of the Dungeon.
You worshipped Trog.
Trog was aware of your devotion.
You visited 1 branch of the dungeon, and saw 2 of its levels.

You collected 94 gold pieces.

Inventory:

Hand Weapons
 a - a +0 falchion (weapon)
 d - a +0 hand axe
Armour
 b - a +0 animal skin
 c - a +0 leather armour (worn)
 e - a +0 pair of boots (worn)
 f - a +2 hat (worn)
Scrolls
 g - 2 scrolls of butterflies
 i - a scroll of teleportation


   Skills:
 + Level 3.2 Fighting
 * Level 3.1 Long Blades
 + Level 1.8 Armour
 - Level 1.7 Dodging


You had one spell level left.
You didn't know any spells.
Your spell library was empty.

Dungeon Overview and Level Annotations

Branches:
Dungeon (2/15)

Altars:

Shops:
D:1 (

Annotations:
D:2 Terence


Innate Abilities, Weirdness & Mutations

A meltable shield of frost defends you. (SH +4)


Message History

You hit the rat.
You kill the rat!
Trog accepts your kill.
No target in view!
No target in view!
You see here a +0 mace.
There is a stone staircase leading down here.
You see here 3 boomerangs.
Done exploring.
Done exploring.
(D) Dungeon
Where to? (Enter - D:1 @ (x,y), ? - help)
There is a stone staircase leading down here.
You climb downwards.
Found 7 gold pieces.
There is a stone staircase leading up here.
You now have 94 gold pieces (gained 7).
You open the door.
There is an open door here.
Terence the Incautious comes into view.
He is wielding a +3 morningstar of protection.
Terence is nearby!
Terence shouts!
You hit Terence but do no damage. You block Terence's attack.
You hit Terence but do no damage.
Terence hits you with a +3 morningstar of protection!
You hit Terence but do no damage.
Terence hits you with a +3 morningstar of protection.
You are too injured to fight recklessly!
You are too injured to fight recklessly!
You are too injured to fight recklessly!
You are too injured to fight recklessly!
As you read the scroll labelled FECIORHUFE, it crumbles to dust.
You hear the tinkle of a tiny bell.
It was a scroll of butterflies.
You block Terence's attack.
As you read the scroll labelled UNGUXY PEPS, it crumbles to dust.
It is a scroll of identify.
i - a scroll of teleportation Terence hits you with a +3 morningstar of protection!
Ouch! That really hurt!
You die...

##+# ##...# #
##.....## ####.#
#......<## #b....#
.........####..b####
.........'bb@bbb?...
.........####@..####
#.......## #.b#
##.....## #b# ##...#
.# ##+# #


You could see Terence (ally target).

Vanquished Creatures
  An endoplasm (D:1)
  A giant cockroach (D:1)
  A goblin (D:1)
  3 hobgoblins (D:1)
  2 bats (D:1)
  4 rats (D:1)
12 creatures vanquished.

Notes
Turn   | Place    | Note
-------+----------+-------------------------------------------
     0 | D:1      | nicknak712 the Demonspawn Berserker began the quest for the
                  | Orb.
     0 | D:1      | Reached XP level 1. HP: 18/18 MP: 1/1
   428 | D:1      | Gained mutation: A meltable shield of frost defends you.
                  | (SH +4) [demonic ancestry]
   428 | D:1      | Reached XP level 2. HP: 18/24 MP: 2/2
   611 | D:1      | Found Puoduose's Antique Weapon Boutique.
   749 | D:2      | Noticed Terence
   756 | D:2      | Slain by Terence

Illustrated notes

Levels and vault maps discovered:
D:1:      sevenhm_arrival_forest_fort_small_3, layout_rooms, serial_shops,
          nicolae_shop_window_shopping
D:2:      layout_loops_corners, ebering_ecumenical_altar_rust, st_stairs_2,
          kennysheep_generic_room_8, uniq_terence, uniq_natasha

Skill      XL: |  1 |
---------------+----+-----
Long Blades    | 3 |  3.1
Fighting       | |  3.2
Armour         | |  1.8
Dodging        | |  1.7

Action                   || total
-------------------------++-------
Melee: Falchion          ||    43
  Use: Scroll            ||     2
Armor: Leather armour    ||    19
       Animal skin       ||     1
Dodge: Dodged            ||    22
Block: Other             ||     8

Table legend: (Time is in decaauts)
 A = Elapsed time spent in this place.
 B = Non-inter-level travel time spent in this place.
 C = Inter-level travel time spent in this place.
 D = Time resting spent in this place.
 E = Time spent auto-exploring this place.
 F = Levels seen in this place.
 G = Mean time per level.
                   A        B        C        D        E       F      G
               +--------+--------+--------+--------+--------+-----+--------+
         Total |    762 |    698 |     64 |      0 |    530 |   2 |  381.0 |
       Dungeon |    762 |    698 |     64 |      0 |    530 |   2 |  381.0 |
               +--------+--------+--------+--------+--------+-----+--------+

Top non-repeatable levels by time:
     D:1: 746 daAuts
     D:2: 15 daAuts
